 Dungeon Crawl Stone Soup version 0.27.1-3-gb3d3a73c9e (webtiles) character file.

Game seed: 6051802811273906745

123 earthworldpsion the Cudgeller (level 5, -12/33 HPs)
             Began as a Gargoyle Fighter on Oct 17, 2021.
             Mangled by an ogre (23 damage)
             ... on level 3 of the Dungeon.
             The game lasted 00:11:24 (2849 turns).

earthworldpsion the Cudgeller (Gargoyle Fighter)    Turns: 2849, Time: 00:11:24

Health: -12/33     AC: 13    Str: 20    XL:     5   Next: 7%
Magic:  5/5        EV:  7    Int:  8    God:
Gold:   184        SH:  9    Dex: 10    Spells: 2/4 levels left

rFire    . . .     SeeInvis .   a - +0 flail (flame)
rCold    . . .     Faith    .   c - +0 kite shield
rNeg     + . .     Spirit   .   b - +2 scale mail
rPois    ∞         Reflect  .   (no helmet)
rElec    +         Harm     .   (no cloak)
rCorr    .         Rampage  .   (no gloves)
Will     .....                  (no boots)
Stlth    ..........             (no amulet)
HPRegen  0.11/turn              k - ring of wizardry
MPRegen  0.09/turn              (no ring)

@: no status effects
A: sickness immunity, AC +4, negative energy resistance 1, electricity
resistance, torment resistance 1, petrification resistance
a: no special abilities


You were on level 3 of the Dungeon.
You visited 1 branch of the dungeon, and saw 3 of its levels.

You collected 184 gold pieces.

Inventory:

Hand Weapons
 a - a +0 flail of flaming (weapon)
 f - a +0 dagger
Missiles
 j - 16 poisoned darts (quivered)
Armour
 b - a +2 scale mail (worn)
 c - a +0 kite shield (worn)
 m - a +0 ring mail
Magical Staves
 h - a staff of death
Jewellery
 k - a ring of wizardry (left hand)
Scrolls
 i - 2 scrolls of amnesia
 o - 2 scrolls of identify
 p - a scroll of teleportation
Potions
 d - 2 potions of might
 e - 2 potions of heal wounds {unknown}
 g - a potion of curing {unknown}
 l - a potion of mutation {unknown}
 n - 2 potions of haste {unknown}


   Skills:
 + Level 3.7 Fighting
 + Level 4.0 Maces & Flails
 + Level 0.1 Throwing
 + Level 3.8 Armour
 + Level 0.3 Dodging
 + Level 0.1 Stealth
 + Level 3.7 Shields


You had 2 spell levels left.
You knew the following spells:

 Your Spells              Type           Power      Damage    Failure   Level
a - Blink                 Tloc           N/A        N/A       95%         2

Your spell library contained the following spells:

 Spells                   Type           Power      Damage    Failure   Level
 Manifold Assault         Tloc           0%         N/A       100%        5
 Storm Form               Tmut/Air       0%         N/A       100%        7


Dungeon Overview and Level Annotations

Branches:
Dungeon (3/15)

Altars:
Kikubaaqudgha


Innate Abilities, Weirdness & Mutations

You are immune to sickness and miasma.
Your stone body is resilient. (AC +4)
You are immune to poison.
You resist negative energy. (rN+)
You are resistant to electric shocks. (rElec)
You are resistant to unholy torment.
You are immune to petrification.


Message History

Your shield prevents you from hitting the quokka.
The quokka bites you but does no damage.
You hit the quokka but do no damage.
The quokka bites you but does no damage.
The quokka barely misses you.
You barely miss the quokka. You block the quokka's attack.
The quokka barely misses you.
You closely miss the quokka. You block the quokka's attack.
The quokka bites you but does no damage.
You thump the quokka! You burn the quokka.
You kill the quokka!
Found a scroll of teleportation.
Found a stone staircase leading up.
p - a scroll of teleportation A bat comes into view.
The bat barely misses you.
You hit the bat. You burn the bat.
You kill the bat!
You see here a bat corpse.
Found a scroll of identify.
o - 2 scrolls of identify (gained 1)
Found 9 gold pieces.
You now have 184 gold pieces (gained 9).
You open the door.
An ogre comes into view. It is wielding a +0 giant spiked club.
There is an open door here.
There is an open door here.
Sorry, you're not good enough to have a special ability.
Casting: Blink (extremely dangerous; 95% risk of failure)
Confirm with . or Enter, or press ? or * to list all spells.
Okay, then.
There is an open door here.
The ogre hits you with a +0 giant spiked club!!
Ouch! That really hurt!
There is an open door here.
You hit the ogre. You burn the ogre.
The ogre is lightly wounded.
The ogre hits you with a +0 giant spiked club!!
Ouch! That really hurt!
You die...

,,,,,,,* *,* #...##..##..####
,,,,,,,* #.######..###..##..#...
,,,,,,,* #..........##..##..#...
,,,,,,,* #......§.#.##....P.....
,,,,,,,*###.....§§§§§.#...P≈≈....
,,,,,,,,..P......§§§§§§...≈≈≈≈P..
,,,,,,,,...888..§..§8....≈≈≈≈≈≈..
,,,,,,,,..P.....##.§P....≈≈≈≈≈≈≈.
,,,,*,,,.......O@.......≈≈≈≈≈≈≈≈.
,,,,*,,,........######..≈≈≈≈≈≈≈≈≈
,,,,*,,,........# ##.≈≈≈≈≈≈≈(≈
*****,,,........# *** #..≈≈≈≈≈..P
*,,,........#**,* #.†.≈≈≈....
*,,,........#,,,* #....≈≈....
*,,,........#,*,* #......P...
*,,,........#,*,*##>#.##.####
*************,*,*.....##.###


You could see an ogre.

Vanquished Creatures
  A scorpion zombie (D:3)
  3 adders
  An adder skeleton (D:3)
  A worm (D:3)
  2 dart slugs (D:1)
  9 endoplasms
  5 giant cockroaches
  6 hobgoblins
  3 jackals (D:3)
  3 kobolds
  3 quokkas
  7 ball pythons
  A ball python zombie (D:3)
  4 bats
  A frilled lizard (D:2)
  5 goblins
  A jackal skeleton (D:3)
  A quokka zombie (D:3)
  3 rats (D:2)
60 creatures vanquished.

Vanquished Creatures (others)
  A plant (D:3)
1 creature vanquished.

Grand Total: 61 creatures vanquished

Notes
Turn   | Place    | Note
-------+----------+-------------------------------------------
     0 | D:1      | earthworldpsion the Gargoyle Fighter began the quest for
                  | the Orb.
     0 | D:1      | Reached XP level 1. HP: 14/14 MP: 1/1
   560 | D:1      | Reached XP level 2. HP: 17/19 MP: 2/2
  1031 | D:1      | Reached XP level 3. HP: 12/23 MP: 3/3
  1600 | D:2      | Reached skill level 3 in Maces & Flails
  1613 | D:2      | Reached XP level 4. HP: 27/28 MP: 4/4
  1866 | D:2      | Learned a level 2 spell: Blink
  2682 | D:3      | Reached skill level 4 in Maces & Flails
  2682 | D:3      | Reached XP level 5. HP: 32/32 MP: 5/5
  2706 | D:3      | Found an ancient bone altar of Kikubaaqudgha.
  2842 | D:3      | Noticed an ogre
  2849 | D:3      | Mangled by an ogre

Illustrated notes

Levels and vault maps discovered:
D:1:      saegor_arrival_simple_a, layout_basic
D:2:      layout_basic
D:3:      layout_basic, lemuel_crystal_altar, ebering_ghost_disaster_area,
          serial_undead, serial_undead_d, serial_undead_b, serial_undead_d,
          serial_undead_e, serial_undead_f, serial_undead_d, serial_undead_a,
          serial_undead_c, serial_undead_c, serial_undead_b,
          guppyfry_early_lair_pool

Skill      XL: |  1  2  3  4 |
---------------+-------------+-----
Maces & Flails | 3 4 |  4.0
Fighting       | |  3.7
Throwing       | |  0.1
Armour         | |  3.8
Dodging        | |  0.3
Stealth        | |  0.1
Shields        | |  3.7

Action                   |  1- 3 |  4- 6 || total
-------------------------+-------+-------++-------
Melee: Flail             |   117 |    64 ||   181
Throw: Dart              |     2 |       ||     2
  Use: Scroll            |     5 |     1 ||     6
Armor: Scale mail        |    80 |    33 ||   113
Dodge: Dodged            |    53 |    25 ||    78
Block: Kite shield       |    89 |    28 ||   117
